 Dungeon Crawl Stone Soup version 0.30.0-5-g1a98f26d00 (webtiles) character file.

Game seed: 3171691244603192505

29717 retardedninja the Covert (level 13, -5/99 HPs)
             Began as a Gnoll Fire Elementalist on May 8, 2023.
             Was the Champion of Cheibriados.
             Slain by a death yak (17 damage)
             ... on level 2 of the Lair of Beasts.
             The game lasted 00:33:59 (25596 turns).

retardedninja the Covert (Gnoll Fire Elementalist) Turns: 25596, Time: 00:34:00

Health: -5/99      AC:  9    Str: 23    XL:     13   Next: 47%
Magic:  13/27      EV: 27    Int: 33    God:    Cheibriados [******]
Gold:   1113       SH:  0    Dex: 29    Spells: 22/32 levels left

rFire   + . .        a - +6 dire flail (freeze)
rCold   . . .        (shield currently unavailable)
rNeg    . . .        g - +2 robe {rF+}
rPois   +            i - +1 helmet
rElec   .            l - +0 cloak
rCorr   .            (no gloves)
SInv    .            o - +0 pair of boots
Will    .....        (no amulet)
Stlth   ++++++       d - +5 ring of evasion
HPRegen 0.36/turn    A - ring of poison resistance
MPRegen 0.20/turn

%: no passive effects
@: studying Stealth, very slow
A: fangs 1, strong nose, distributed training
a: Renounce Religion, Bend Time, Temporal Distortion, Slouch, Step From Time


You were on level 2 of the Lair of Beasts.
You worshipped Cheibriados.
Cheibriados was exalted by your worship.
You visited 3 branches of the dungeon, and saw 16 of its levels.
You also visited: Ossuary.

You collected 1113 gold pieces.

Inventory:

Hand Weapons
 a - a +6 dire flail of freezing (weapon)
Missiles
 v - 3 throwing nets
Armour
 g - a +2 robe of fire resistance (worn)
 i - a +1 helmet (worn)
 l - a +0 cloak (worn)
 o - a +0 pair of boots (worn)
Jewellery
 d - a +5 ring of evasion (left hand)
 y - a +5 ring of evasion
 A - a ring of poison resistance (right hand)
Wands
 c - a wand of paralysis (12)
 r - a wand of flame (17)
Scrolls
 m - 5 scrolls of teleportation
 p - 2 scrolls of poison
 q - 3 scrolls of fog
 w - a scroll of butterflies
 x - a scroll of magic mapping
 D - a scroll of brand weapon {unknown}
 J - a scroll of amnesia {unknown}
Potions
 b - 3 potions of flight
 e - 3 potions of brilliance
 f - 5 potions of attraction
 h - 5 potions of lignification
 j - 5 potions of curing
 n - 12 potions of ambrosia
 s - 4 potions of mutation
 u - a potion of resistance
 B - a potion of cancellation {unknown}
 E - a potion of berserk rage {unknown}
 H - a potion of might {unknown}


   Skills:
 + Level 8.6 Fighting
 + Level 8.6 Short Blades
 + Level 8.6 Long Blades
 + Level 8.6 Axes
 + Level 8.6 Maces & Flails
 + Level 8.6 Polearms
 + Level 8.6 Staves
 + Level 8.6 Ranged Weapons
 + Level 8.6 Throwing
 + Level 8.6 Armour
 + Level 9.8 Dodging
 + Level 12.1 Stealth
 + Level 8.6 Shields
 + Level 8.6 Unarmed Combat
 + Level 10.0 Spellcasting
 + Level 7.5 Conjurations
 + Level 7.2 Hexes
 + Level 7.2 Summonings
 + Level 7.2 Necromancy
 + Level 7.2 Translocations
 + Level 7.2 Transmutations
 + Level 9.1 Fire Magic
 + Level 7.2 Ice Magic
 + Level 7.2 Air Magic
 + Level 7.2 Earth Magic
 + Level 7.2 Poison Magic
 + Level 9.4 Invocations
 + Level 8.6 Evocations


You had 22 spell levels left.
You knew the following spells:

 Your Spells              Type           Power      Damage    Failure   Level
a - Foxfire               Conj/Fire      100%       2x1d9     1%          1
b - Scorch                Fire           100%       2d9       1%          2
c - Flame Wave            Conj/Fire      64%        2d15      1%          4
d - Inner Flame           Hex/Fire       63%        N/A       1%          3

Your spell library contained the following spells:

 Spells                   Type           Power      Damage    Failure   Level
 Beastly Appendage        Tmut           100%       N/A       1%          1
 Magic Dart               Conj           100%       1d8       1%          1
 Sandblast                Erth           100%       2d20      1%          1
 Slow                     Hex            100%       N/A       1%          1
 Sting                    Tmut/Pois      100%       1d8       1%          1
 Summon Small Mammal      Summ           100%       N/A       1%          1
 Blink                    Tloc           100%       N/A       1%          2
 Call Imp                 Summ           100%       N/A       1%          2
 Lesser Beckoning         Tloc           100%       N/A       1%          2
 Momentum Strike          Conj/Tloc      100%       3d10      1%          2
 Poisonous Vapours        Pois/Air       100%       N/A       1%          2
 Wereblood                Tmut           59%        N/A       1%          2
 Call Canine Familiar     Summ           59%        N/A       1%          3
 Confusing Touch          Hex            59%        N/A       1%          3
 Gell's Gravitas          Tloc           59%        N/A       1%          3
 Mephitic Cloud           Conj/Pois/Air  60%        N/A       1%          3
 Ozocubu's Armour         Ice            59%        N/A       1%          3
 Spider Form              Tmut/Pois      59%        N/A       1%          3
 Stone Arrow              Conj/Erth      100%       3d13      1%          3
 Summon Guardian Golem    Hex/Summ       59%        N/A       1%          3
 Teleport Other           Tloc           59%        N/A       1%          3
 Vampiric Draining        Necr           59%        2d10      1%          3
 Volatile Blastmotes      Fire/Tloc      100%       2d18      1%          3
 Animate Armour           Summ/Erth      100%       N/A       1%          4
 Olgreb's Toxic Radiance  Pois           59%        N/A       1%          4
 Dispersal                Tloc           29%        N/A       22%         6
 Ozocubu's Refrigeration  Ice            29%        4d14      77%         7
 Lehudib's Crystal Spear  Conj/Erth      30%        10d8      100%        8


Dungeon Overview and Level Annotations

Branches:
Dungeon (12/15)            Temple (1/1) D:5            Lair (3/5) D:9
 Shoals (0/4) Lair:2        Snake (0/4) Lair:2          Orc (0/2) D:10
Ossuary (visited)

Altars:
Ashenzari
Cheibriados
Dithmenos
Elyvilon
Fedhas
Gozag
Hepliaklqana
Kikubaaqudgha
Makhleb
Nemelex Xobeh
Okawaru
Qazlal
Ru
Sif Muna
Trog
Uskayaw
Vehumet
Wu Jian
Xom
Yredelemnul
Zin
The Shining One

Shops:
D:2 [

Annotations:
D:3 3 runed translucent doors, Daunt's ghost, amateur KoAE
D:8 2 transporters, exclusion: obsidian statue
Lair:2 exclusion: oklob plant


Innate Abilities, Weirdness & Mutations

You have very sharp teeth.
Your uncanny sense of smell can sniff out nearby items.
Your experience applies equally to all skills.


Message History

The death yak misses you. x2; The death yak completely misses you.
Unknown command.
The death yak gores you!!
* * * LOW HITPOINT WARNING * * *
The death yak gores you.
* * * LOW HITPOINT WARNING * * *
The death yak completely misses you.
Blink to where?
Press: ? - help, Q - select action, (/) - cycle Dir - move target
As you read the scroll of blinking, it crumbles to dust.
Casting: Flame Wave (mildly dangerous; 1% risk of failure)
Confirm with . or Enter, or press ? or * to list all spells.
You can't see any susceptible monsters within range! (Use Z to cast anyway.)
You flicker back into view.
The death yak bellows!
Casting: Flame Wave (mildly dangerous; 1% risk of failure)
Confirm with . or Enter, or press ? or * to list all spells.
Casting: Flame Wave (mildly dangerous; 1% risk of failure)
Press: ? - help, Dir - look around, f - activate A wave of flame ripples out! (Press . to intensify the flame waves.)
The death yak bellows!
A wave of flame ripples out!
The flame wave engulfs the death yak!
The death yak is almost dead.
The flame wave engulfs the death yak!
The death yak is severely wounded.
The death yak gores you!
* * * LOW HITPOINT WARNING * * *
Unknown command.
A wave of flame ripples out!
The flame wave engulfs the death yak!
You kill the death yak!
Cheibriados appreciates the change of pace.
The flame wave engulfs the death yak!!
You kill the death yak!
Cheibriados thoroughly appreciates the change of pace.
The flame wave engulfs the death yak.
The death yak is severely wounded.
You finish channelling waves of flame.
The death yak gores you!
You die...

#..# ##........#.##..###.##..##
#.P# #........####...####...#
##.## #.........####.######..##
#...# #........##.......###.#.#
##..####........................
#..##.#....##...........#.#.P##
##.##.#..#.###.........#####.##
##........####.........### #.#
.##.#####.# #..@........# #.##
.....# #.## ##.Y†.....### #..#
....## #..# #........# #..#
....### #.#####...!.#### #####
......###.##.##.....# ######.##
....................###...#...##
..................†.#...⌠....).##
.................>..#.>.....#)..#
.##.................#...⌠..###...


You could see a death yak.

Vanquished Creatures
  Harold (D:9)
  Erolcha (D:9)
  2 two-headed ogres
  A centaur warrior (D:10)
  4 death yaks (Lair:2)
  An orc knight (D:10)
  A deep elf pyromancer (D:9)
  An oklob plant (Lair:2)
  3 black mambas (Lair:2)
  8 cane toads
  2 unseen horrors
  A komodo dragon (Lair:1)
  A rime drake (D:9)
  A queen bee (D:10)
  4 polar bears
  A meliai (D:10)
  5 trolls
  Prince Ribbit (Lair:1)
  17 blink frogs
  4 wyverns
  A ynoxinul (D:10)
  Eustachio (D:6)
  A human (D:10)
  A vampire (D:11)
  2 shadows
  26 yaks
  A basilisk (Lair:2)
  Menkaure (D:6)
  2 wargs
  3 nagas (Lair:2)
  4 water moccasins
  Duvessa (D:6)
  8 ice beasts
  3 orc warriors
  A black bear (D:6)
  A boggart (D:10)
  11 centaurs
  6 wolves (Lair:2)
  A phantom (D:6)
  A kobold brigand (D:9)
  A scorpion (D:6)
  11 bullfrogs
  4 wights (D:6)
  Dowan (D:6)
  32 killer bees (D:10)
  6 howler monkeys
  3 jellies
  8 orc priests
  A gnoll bouda (D:9)
  2 hounds (D:4)
  Ijyb (D:3)
  Jessica (D:2)
  4 iguanas
  3 sleepcaps
  12 orc wizards
  8 mummies (Ossuary)
  12 gnolls
  7 adders
  A river rat (D:4)
  A shadow imp (D:6)
  3 white imps
  A worm (D:4)
  2 dart slugs (D:4)
  28 orcs
  A bat (D:3)
  4 endoplasms
  7 giant cockroaches
  A gnoll zombie (Ossuary)
  10 goblins
  10 hobgoblins
  3 jackals (D:3)
  8 kobolds
  8 quokkas
  10 ball pythons
  5 frilled lizards
  A hobgoblin zombie (Ossuary)
  2 kobold zombies (Ossuary)
  4 orc zombies (Ossuary)
  4 rats
367 creatures vanquished.

Vanquished Creatures (collateral kills)
  12 foxfires
12 creatures vanquished.

Vanquished Creatures (others)
  1172 foxfires
1172 creatures vanquished.

Grand Total: 1551 creatures vanquished

Notes
Turn   | Place    | Note
-------+----------+-------------------------------------------
     0 | D:1      | retardedninja the Gnoll Fire Elementalist began the quest
                  | for the Orb.
     0 | D:1      | Reached XP level 1. HP: 13/13 MP: 6/6
   148 | D:1      | Reached XP level 2. HP: 13/19 MP: 0/7
   757 | D:1      | Reached skill level 5 in Spellcasting
   757 | D:1      | Reached XP level 3. HP: 25/25 MP: 3/9
  1424 | D:2      | Reached skill level 1 in Invocations
  1430 | D:2      | Learned a level 2 spell: Scorch
  1501 | D:2      | Noticed Jessica
  1505 | D:2      | Killed Jessica
  1506 | D:2      | Reached skill level 1 in Fighting
  1506 | D:2      | Reached skill level 1 in Short Blades
  1506 | D:2      | Reached skill level 1 in Long Blades
  1506 | D:2      | Reached skill level 1 in Axes
  1506 | D:2      | Reached skill level 1 in Maces & Flails
  1506 | D:2      | Reached skill level 1 in Polearms
  1506 | D:2      | Reached skill level 1 in Staves
  1506 | D:2      | Reached skill level 1 in Ranged Weapons
  1506 | D:2      | Reached skill level 1 in Throwing
  1506 | D:2      | Reached skill level 1 in Armour
  1506 | D:2      | Reached skill level 1 in Shields
  1506 | D:2      | Reached skill level 1 in Unarmed Combat
  1506 | D:2      | Reached skill level 1 in Evocations
  1506 | D:2      | Reached XP level 4. HP: 32/32 MP: 8/11
  1565 | D:2      | Reached skill level 1 in Hexes
  1565 | D:2      | Reached skill level 1 in Summonings
  1565 | D:2      | Reached skill level 1 in Necromancy
  1565 | D:2      | Reached skill level 1 in Translocations
  1565 | D:2      | Reached skill level 1 in Transmutations
  1565 | D:2      | Reached skill level 1 in Ice Magic
  1565 | D:2      | Reached skill level 1 in Air Magic
  1565 | D:2      | Reached skill level 1 in Earth Magic
  1565 | D:2      | Reached skill level 1 in Poison Magic
  1682 | D:2      | Found Usaebbal's Antique Armour Shoppe.
  1712 | D:2      | Identified the +0 ring mail of Fiontil {Dex+4}
  2346 | D:2      | Reached XP level 5. HP: 37/37 MP: 5/12
  2779 | D:3      | Found a runed translucent gate.
  2779 | D:3      | Found a runed translucent gate.
  2779 | D:3      | Found a runed translucent gate.
  2784 | D:3      | Noticed Daunt's ghost (amateur KoAE)
  3177 | D:3      | Noticed Ijyb
  3186 | D:3      | Killed Ijyb
  3329 | D:3      | Identified the +0 robe of Inquiry {Str+4}
  3696 | D:4      | Reached XP level 6. HP: 38/44 MP: 8/13
  3912 | D:4      | Reached skill level 5 in Dodging
  4915 | D:4      | Reached XP level 7. HP: 50/50 MP: 8/15
  5697 | D:4      | Found a stormy altar of Qazlal.
  5811 | D:5      | Entered Level 5 of the Dungeon
  5911 | D:5      | Found a staircase to the Ecumenical Temple.
  5937 | Temple   | Entered the Ecumenical Temple
  6000 | Temple   | Became a worshipper of Cheibriados the Contemplative
  6236 | D:5      | Reached skill level 5 in Stealth
  6521 | D:5      | Noticed a yak
  6523 | D:5      | Noticed a yak
  6537 | D:5      | Noticed a yak
  6548 | D:5      | Killed a yak
  6549 | D:5      | Killed a yak
  6550 | D:5      | Reached XP level 8. HP: 54/58 MP: 6/16
  6560 | D:5      | Killed a yak
  7081 | D:6      | Found a shadowy altar of Dithmenos.
  7081 | D:6      | Found a radiant altar of Vehumet.
  7129 | D:6      | Found an ancient bone altar of Kikubaaqudgha.
  7414 | D:6      | Noticed Duvessa
  7414 | D:6      | Noticed Dowan
  7416 | D:6      | Killed Dowan
  7422 | D:6      | Killed Duvessa
  7422 | D:6      | Reached * piety under Cheibriados
  7430 | D:6      | Reached XP level 9. HP: 58/65 MP: 3/18
  7681 | D:6      | Noticed Eustachio
  7694 | D:6      | Learned a level 4 spell: Flame Wave
  7730 | D:6      | Reached skill level 6 in Stealth
  7881 | D:6      | Learned a level 3 spell: Inner Flame
  7949 | D:6      | Noticed Menkaure
  7958 | D:6      | Killed Menkaure
  8202 | D:6      | Killed Eustachio
  8852 | D:7      | Reached skill level 5 in Invocations
  8961 | D:7      | Found an ornate altar of the Wu Jian Council.
  9464 | D:7      | Found a shimmering altar of Xom.
  9546 | D:7      | Reached ** piety under Cheibriados
  9712 | D:7      | Found an iron altar of Okawaru.
  9717 | D:7      | Noticed a two-headed ogre
  9724 | D:7      | Killed a two-headed ogre
  9725 | D:7      | Reached skill level 5 in Fighting
  9725 | D:7      | Reached skill level 5 in Short Blades
  9725 | D:7      | Reached skill level 5 in Long Blades
  9725 | D:7      | Reached skill level 5 in Axes
  9725 | D:7      | Reached skill level 5 in Maces & Flails
  9725 | D:7      | Reached skill level 5 in Polearms
  9725 | D:7      | Reached skill level 5 in Staves
  9725 | D:7      | Reached skill level 5 in Ranged Weapons
  9725 | D:7      | Reached skill level 5 in Throwing
  9725 | D:7      | Reached skill level 5 in Armour
  9725 | D:7      | Reached skill level 7 in Stealth
  9725 | D:7      | Reached skill level 5 in Shields
  9725 | D:7      | Reached skill level 5 in Unarmed Combat
  9725 | D:7      | Reached skill level 5 in Evocations
  9725 | D:7      | Reached XP level 10. HP: 74/74 MP: 8/20
 10158 | D:8      | Found a sand-covered staircase.
 10179 | Ossuary  | Entered an ossuary
 10699 | D:8      | Found a transporter.
 10699 | D:8      | Noticed a death knight
 10700 | D:8      | Noticed a cyan ugly thing
 10702 | D:8      | Noticed an obsidian statue
 10704 | D:8      | Noticed a gargoyle
 10722 | D:8      | Noticed a cyclops
 10735 | D:8      | Reached skill level 5 in Conjurations
 11041 | D:8      | Found a sparkling altar of Nemelex Xobeh.
 11135 | D:8      | Found a transporter.
 11273 | D:8      | Noticed a two-headed ogre
 11281 | D:8      | Killed a two-headed ogre
 11282 | D:8      | Reached skill level 8 in Stealth
 12173 | D:9      | Reached *** piety under Cheibriados
 12558 | D:9      | Reached skill level 5 in Hexes
 12558 | D:9      | Reached skill level 5 in Summonings
 12558 | D:9      | Reached skill level 5 in Necromancy
 12558 | D:9      | Reached skill level 5 in Translocations
 12558 | D:9      | Reached skill level 5 in Transmutations
 12558 | D:9      | Reached skill level 5 in Ice Magic
 12558 | D:9      | Reached skill level 5 in Air Magic
 12558 | D:9      | Reached skill level 5 in Earth Magic
 12558 | D:9      | Reached skill level 5 in Poison Magic
 12558 | D:9      | Reached XP level 11. HP: 61/81 MP: 2/22
 12860 | D:9      | Noticed Harold
 12877 | D:9      | Killed Harold
 12885 | D:9      | Reached skill level 9 in Stealth
 13246 | D:9      | Found a staircase to the Lair.
 13341 | D:9      | Noticed Erolcha
 13794 | D:9      | Killed Erolcha
 13993 | D:9      | Reached **** piety under Cheibriados
 14098 | D:9      | Noticed a deep elf pyromancer
 14101 | D:9      | Killed a deep elf pyromancer
 14196 | D:9      | Found a burning altar of Makhleb.
 14196 | D:9      | Noticed an Executioner
 14548 | D:10     | Entered Level 10 of the Dungeon
 15117 | D:10     | Reached ***** piety under Cheibriados
 15856 | D:10     | Found a staircase to the Orcish Mines.
 15934 | D:10     | Found a white marble altar of Elyvilon.
 16150 | D:10     | Reached skill level 10 in Stealth
 16375 | D:10     | Noticed a centaur warrior
 16386 | D:10     | Killed a centaur warrior
 16490 | D:10     | Reached XP level 12. HP: 80/91 MP: 16/24
 17269 | D:10     | Found a bloodstained altar of Trog.
 17345 | D:10     | Found a shimmering blue altar of Sif Muna.
 17349 | D:10     | Got Sif Muna's Almanac of the Rocks and the Whammy
 19145 | Lair:1   | Entered Level 1 of the Lair of Beasts
 19178 | D:9      | Reached ****** piety under Cheibriados
 19728 | Lair:1   | Reached skill level 11 in Stealth
 19919 | Lair:1   | Noticed Prince Ribbit
 19937 | Lair:1   | Killed Prince Ribbit
 20367 | Lair:1   | Found a hide-covered altar of Uskayaw.
 21810 | Lair:2   | Reached XP level 13. HP: 73/98 MP: 15/26
 23410 | Lair:2   | Found a staircase to the Shoals.
 23903 | Lair:2   | Found a staircase to the Snake Pit.
 24710 | Lair:2   | Reached skill level 12 in Stealth
 25408 | Lair:2   | Reached skill level 10 in Spellcasting
 25596 | Lair:2   | Slain by a death yak

Illustrated notes

Levels and vault maps discovered:
D:1:      reono_arrival_forest_river, layout_loops_ring, serial_forest,
          infiniplex_forest_3_way, infiniplex_forest_straight_2,
          infiniplex_forest_end_2, infiniplex_forest_clump_long,
          infiniplex_forest_clump_small, grunt_decor_one_mirror
D:2:      layout_loops_ring, serial_shops, nicolae_shop_advertising_works
          [nicolae_subvault_shop_adworks], uniq_jessica
D:3:      layout_basic, biasface_ghost_orc_armoury, uniq_ijyb
D:4:      layout_cave_pods, mainiacjoe_overflow_tiny_flanked,
          gup_sewer_entry_spiral
D:5:      layout_rooms, minmay_temple_entry_slanted
D:6:      layout_basic, mainiacjoe_overflow_small_starburst,
          nicolae_overflow_two_pavilions, minmay_manual_mares, uniq_eustachio,
          uniq_menkaure, uniq_duvessa
D:7:      layout_loops_ring, mainiacjoe_overflow_surrounded_room,
          hellmonk_okawaru_the_only_friend_you_need, nzn_wu_jian_council_hall
D:8:      gammafunk_sealed_arena, layout_basic, nemelex_spade_bored_becter,
          chequers_ossuary_entry_cave
D:9:      layout_loops_corners, makhleb_altar_promises_db,
          hellmonk_lair_entry_icy, kennysheep_just_a_vault, uniq_harold,
          uniq_erolcha
D:10:     layout_roguey [special_room_bee],
          nzn_overflow_gifts_of_might_and_magic, amcnicky_altar_gilded,
          erik_orc_4, minmay_shattered_shrine
D:11:     layout_rooms
D:12:     layout_basic
Temple:   zaba_magenta_temple
Lair:1:   layout_misc_corridors, basic_altar, uniq_prince_ribbit2, uniq_urug
Lair:2:   minmay_lair_oklob_tunnel, layout_small_grid, shoals_dummy_entry,
          nicolae_snake_entry_squirm
Lair:3:   layout_cave_pods, gauntlet_entry_generic, serial_bayou_shore_b,
          infiniplex_staircase_pool_2

Skill      XL: |  1  2  3  4  5  6  7  8  9 10 11 12 13 |
---------------+----------------------------------------+-----
Conjurations   | 2 3 4 5 6 7 |  7.5
Spellcasting   | 5 6 7 8 9 10 | 10.0
Invocations    | 1 2 3 4 5 6 7 8 9 |  9.4
Fighting       | 1 2 3 5 6 7 8 |  8.6
Short Blades   | 1 2 3 5 6 7 8 |  8.6
Long Blades    | 1 2 3 5 6 7 8 |  8.6
Axes           | 1 2 3 5 6 7 8 |  8.6
Maces & Flails | 1 2 3 5 6 7 8 |  8.6
Polearms       | 1 2 3 5 6 7 8 |  8.6
Staves         | 1 2 3 5 6 7 8 |  8.6
Ranged Weapons | 1 2 3 5 6 7 8 |  8.6
Throwing       | 1 2 3 5 6 7 8 |  8.6
Armour         | 1 2 3 5 6 7 8 |  8.6
Shields        | 1 2 3 5 6 7 8 |  8.6
Unarmed Combat | 1 2 3 5 6 7 8 |  8.6
Evocations     | 1 2 3 5 6 7 8 |  8.6
Hexes          | 1 2 3 4 5 6 7 |  7.2
Summonings     | 1 2 3 4 5 6 7 |  7.2
Necromancy     | 1 2 3 4 5 6 7 |  7.2
Translocations | 1 2 3 4 5 6 7 |  7.2
Transmutations | 1 2 3 4 5 6 7 |  7.2
Ice Magic      | 1 2 3 4 5 6 7 |  7.2
Air Magic      | 1 2 3 4 5 6 7 |  7.2
Earth Magic    | 1 2 3 4 5 6 7 |  7.2
Poison Magic   | 1 2 3 4 5 6 7 |  7.2
Dodging        | 5 6 7 8 9 |  9.8
Stealth        | 5 7 8 10 11 12 | 12.1
Fire Magic     | 6 7 8 9 |  9.1

Action                     |  1- 3 |  4- 6 |  7- 9 | 10-12 | 13-15 || total
---------------------------+-------+-------+-------+-------+-------++-------
  Melee: Unarmed           |     6 |       |       |     2 |       ||     8
         Halberd           |       |     3 |    37 |       |       ||    40
         Bite              |       |       |     3 |     7 |     1 ||    11
         Dire flail        |       |       |     4 |    66 |     5 ||    75
   Cast: Foxfire           |    68 |   106 |   140 |   276 |    98 ||   688
         Scorch            |       |    20 |    56 |    67 |    12 ||   155
         Flame Wave        |       |       |     3 |    59 |    17 ||    79
  Evoke: Wand              |       |     3 |     8 |    10 |     2 ||    23
    Use: Potion            |       |     2 |     1 |     2 |     5 ||    10
         Scroll            |       |     4 |     4 |    14 |     6 ||    28
   Stab: Paralysed         |       |       |       |     3 |       ||     3
 Armour: Robe              |     4 |    11 |    28 |    78 |    12 ||   133
  Dodge: Dodged            |    24 |    66 |   124 |   632 |   142 ||   988
